Map: Odyssey LE

Players

Minatoeh (Minato)

  • Race: Zerg Zerg
  • League: Grandmaster
  • Spawn Location: 5:00

Eichhörnchen - Winner!

  • Race: Terran Terran
  • League: Master
  • Spawn Location: 11:00

VOD

Have the link to the VOD?

Description

Time

  • Played on: Jan. 6, 2018, 9:34 a.m.
  • Length: 6:30
Show
View Real Time Build Order
Export as new Build Order

Minatoeh Zerg 

Build Orders: Pool First 

Get SALT Encoding   

  12  0:01  Drone  
  13  0:12  Overlord  
  13  0:19  Drone  
  14  0:32  Drone x2  
  14  0:35  Drone  
  17  0:37  Extractor  
  16  0:48  Spawning Pool  
  15  0:50  Drone  
  15  0:56  Drone  
  17  1:19  Hatchery  
  16  1:35  Zergling x6  
  16  1:39  Metabolic Boost  
  19  1:47  Queen  
  21  1:55  Overlord  
  21  2:05  Drone  
  22  2:15  Drone  
  23  2:18  Drone  
  24  2:23  Queen  
  26  2:31  Drone  
  26  2:39  Hatchery  
  26  2:42  Drone  
  26  2:45  Drone  
  27  2:56  Drone x3  
  27  2:57  Drone  
  31  3:00  Overlord  
  31  3:04  Drone  
  32  3:07  Drone  
  32  3:12  Overlord  
  33  3:16  Drone  
  33  3:17  Drone  
  35  3:31  Drone x4  
  35  3:33  Drone x3  
  42  3:36  Queen  
  44  3:41  Queen  
  44  3:47  Overlord  
  46  3:48  Overlord  
  46  3:51  Zergling x2  
  46  3:55  Queen  
  47  4:01  Roach Warren  
  48  4:06  Zergling x4  
  48  4:07  Zergling x4  
  52  4:10  Drone x2  
  52  4:14  Queen  
  56  4:19  Queen  
  58  4:27  Drone x5  
  58  4:31  Drone x2  
  65  4:43  Roach x4  
  65  4:45  Overlord  
  73  4:46  Overlord  
  73  4:54  Spore Crawler, Drone  
  73  5:05  Drone x11  
  84  5:12  Overlord  
  84  5:18  Overlord x2  
  84  5:22  Extractor  
  84  5:23  Extractor  
  84  5:24  Evolution Chamber, Roach  
  84  5:25  Roach x3  
  89  5:29  Overlord x2  
  89  5:33  Spore Crawler  
  89  5:35  Extractor  
  87  5:36  Spore Crawler  
  87  5:38  Roach x3  
  87  5:42  Drone x4  
  96  5:54  Drone x6  
  102  6:00  Extractor  
  101  6:09  Roach, Zergling x4  
  101  6:10  Roach  
  101  6:11  Zergling x4  
  101  6:12  Hatchery  
Show
View Real Time Build Order
Export as new Build Order

Eichhörnchen Terran - Winner!

Build Orders: Hellion Opening, Reaper Expand 

Get SALT Encoding   

  12  0:00  SCV  
  13  0:12  SCV  
  14  0:17  Supply Depot  
  14  0:24  SCV  
  15  0:30  Refinery  
  15  0:39  SCV  
  16  0:45  Barracks  
  16  0:51  SCV  
  17  1:03  SCV  
  18  1:15  SCV  
  19  1:32  Reaper  
  21  1:33  Orbital Command  
  20  1:46  Command Center  
  20  2:00  SCV  
  21  2:01  Factory  
  21  2:07  Barracks Reactor  
  21  2:13  Refinery  
  20  2:23  SCV, Supply Depot  
  21  2:35  SCV  
  22  2:47  SCV  
  22  2:51  Armory  
  23  2:52  Hellion x2  
  23  2:56  Marine  
  28  3:03  Orbital Command  
  28  3:08  SCV  
  29  3:16  Hellion x2  
  33  3:29  SCV  
  33  3:30  Factory  
  33  3:31  SCV  
  35  3:40  Supply Depot  
  35  3:41  SCV  
  35  3:42  Barracks Reactor  
  35  3:44  SCV  
  37  3:48  Terran Vehicle Weapons Level 1  
  37  3:53  SCV, Hellion  
  40  3:58  Hellion  
  40  3:59  SCV  
  43  4:05  SCV  
  43  4:09  Refinery  
  44  4:11  SCV  
  45  4:17  SCV  
  45  4:20  Supply Depot  
  45  4:23  SCV  
  47  4:26  Cyclone  
  47  4:29  Cyclone  
  47  4:30  SCV  
  54  4:41  SCV, Cyclone  
  54  4:43  Cyclone  
  61  4:46  Supply Depot  
  61  4:54  Supply Depot  
  61  5:04  Supply Depot  
  61  5:08  Cyclone x2  
  61  5:09  SCV  
  61  5:11  SCV  
  67  5:20  Cyclone  
  70  5:21  SCV  
  70  5:23  SCV  
  72  5:32  Cyclone  
  72  5:33  SCV  
  76  5:41  Cyclone  
  79  5:55  Cyclone  
Tags
 
Add a new tag
Caveats
  • Supply blocks, unpowered buildings, or Contaminate may cause inaccurate times.
  • Supply counts are checked every 10 seconds.